Map: Odyssey LE

Players

stakiimaN (stakimaN) - Winner!

  • Race: Zerg Zerg
  • Spawn Location: 11:00

VortiX

  • Race: Zerg Zerg
  • Spawn Location: 5:00

Event: WCS Valencia 2017

VOD

Have the link to the VOD?

Description

Time

  • Played on: July 13, 2017, 10:17 a.m.
  • Length: 10:40

All games in this series

Show
View Real Time Build Order
Export as new Build Order

stakiimaN Zerg - Winner!

Build Orders: Hatch First, Zergling Baneling 

Get SALT Encoding   

  12  0:00  Drone  
  13  0:12  Overlord  
  13  0:16  Drone  
  14  0:30  Drone x2  
  14  0:35  Drone  
  17  0:52  Hatchery  
  17  0:54  Drone  
  17  0:57  Drone  
  18  1:08  Extractor  
  17  1:12  Spawning Pool  
  17  1:15  Drone  
  17  1:18  Drone  
  18  1:28  Drone  
  19  1:38  Overlord  
  19  1:49  Drone  
  20  1:59  Queen  
  20  2:00  Zergling x2  
  23  2:03  Queen  
  23  2:04  Zergling x2  
  23  2:08  Metabolic Boost  
  26  2:11  Drone  
  26  2:14  Drone  
  28  2:23  Drone  
  28  2:25  Drone  
  30  2:33  Zergling x2  
  30  2:36  Drone  
  32  2:41  Hatchery  
  31  2:46  Baneling Nest  
  31  2:47  Drone  
  32  2:51  Drone  
  32  2:54  Overlord  
  32  2:59  Drone  
  32  3:04  Drone  
  33  3:08  Drone  
  33  3:09  Drone  
  35  3:13  Drone x3  
  35  3:15  Drone  
  35  3:16  Drone  
  35  3:17  Zergling x2  
  41  3:22  Overlord  
  41  3:27  Spine Crawler  
  40  3:35  Baneling x3  
  40  3:40  Zergling x6  
  43  3:44  Overlord  
  43  3:53  Zergling x12  
  49  4:00  Zergling x4  
  49  4:02  Baneling  
  49  4:05  Zergling x2  
  49  4:06  Queen, Zergling x2  
  49  4:08  Baneling  
  49  4:09  Zergling x2  
  54  4:14  Overlord  
  51  4:19  Zergling x2  
  51  4:21  Zergling x12  
  55  4:26  Baneling  
  55  4:27  Drone x2  
  57  4:33  Baneling, Drone x2  
  57  4:36  Baneling x3  
  57  4:37  Drone  
  60  4:44  Zergling x2  
  56  4:47  Zergling x2  
  56  4:48  Zergling x2  
  56  4:49  Zergling x2  
  56  4:51  Zergling x2  
  56  4:52  Zergling x2  
  59  4:53  Zergling x2  
  59  4:59  Drone x4  
  57  5:01  Drone  
  57  5:06  Drone  
  59  5:09  Drone  
  59  5:10  Drone  
  59  5:11  Extractor  
  59  5:13  Roach Warren  
  55  5:17  Drone  
  55  5:19  Drone  
  56  5:23  Drone  
  56  5:26  Drone  
  56  5:27  Roach Warren  
  57  5:29  Evolution Chamber  
  57  5:30  Overlord  
  57  5:36  Drone  
  57  5:37  Drone  
  57  5:40  Drone  
  56  5:53  Roach x7  
  56  5:54  Overlord x3  
  70  5:58  Baneling  
  70  6:02  Drone x2  
  72  6:06  Roach  
  72  6:11  Roach  
  71  6:17  Zergling x2  
  71  6:18  Zergling x4, Roach  
  73  6:19  Zergling x2  
  73  6:24  Queen  
  73  6:26  Drone x4  
  73  6:27  Drone x4  
  73  6:30  Drone  
  82  6:36  Overlord  
  82  6:37  Drone  
  83  6:40  Extractor  
  83  6:41  Drone  
  83  6:43  Extractor  
  82  6:50  Drone  
  82  6:53  Drone  
  82  6:54  Drone x3  
  87  6:57  Overlord  
  87  6:58  Overlord  
  87  6:59  Extractor, Drone  
  86  7:10  Drone x2  
  86  7:11  Lair  
  86  7:12  Roach  
  86  7:13  Extractor, Roach x2  
  94  7:15  Roach  
  94  7:17  Roach  
  94  7:20  Roach  
  98  7:24  Roach  
  98  7:28  Roach x2  
  104  7:32  Roach x5  
  104  7:34  Roach  
  104  7:36  Roach  
  118  7:42  Roach  
  118  7:44  Roach  
  118  7:46  Roach  
  118  7:47  Roach x2  
  118  7:50  Roach  
  118  7:51  Roach x2  
  114  8:00  Roach x3  
  118  8:09  Glial Reconstitution  
  118  8:11  Drone x4  
  120  8:22  Hatchery, Overlord  
  121  8:27  Roach  
  121  8:28  Overlord x5  
  121  8:40  Roach  
  121  8:41  Roach x3  
  129  8:49  Roach x10  
  129  8:50  Roach  
  148  9:01  Roach x3  
  148  9:09  Roach x2  
  152  9:10  Roach x2  
  152  9:11  Roach  
  152  9:14  Roach  
  152  9:16  Roach  
  162  9:20  Overlord  
  163  9:24  Ravager x3  
  163  9:25  Ravager  
  163  9:26  Roach  
  163  9:30  Roach  
  170  9:41  Roach x2  
  170  9:42  Roach  
  170  9:45  Roach x2  
  180  9:49  Roach  
  180  9:51  Roach  
  181  9:53  Roach  
  181  9:55  Overlord  
  175  10:00  Roach  
  175  10:03  Roach  
  175  10:05  Roach  
  153  10:09  Roach x5  
  153  10:10  Roach  
  153  10:14  Roach  
  153  10:16  Roach  
Show
View Real Time Build Order
Export as new Build Order

VortiX Zerg 

Build Orders: Hatch First, Zergling Baneling 

Get SALT Encoding   

  12  0:00  Drone  
  13  0:12  Overlord  
  13  0:16  Drone  
  14  0:30  Drone x2  
  14  0:34  Drone  
  17  0:52  Hatchery  
  17  0:54  Drone  
  17  0:57  Drone  
  18  1:09  Extractor  
  17  1:11  Spawning Pool  
  17  1:14  Drone  
  17  1:18  Drone  
  18  1:27  Drone  
  19  1:38  Overlord  
  19  1:58  Queen, Zergling x2  
  19  2:00  Zergling x2  
  23  2:04  Queen, Drone  
  26  2:11  Metabolic Boost  
  26  2:15  Drone x2  
  28  2:30  Hatchery  
  28  2:33  Drone  
  28  2:42  Queen  
  30  2:46  Overlord  
  30  2:47  Drone  
  31  2:53  Zergling x2  
  31  2:54  Zergling x2  
  33  3:00  Baneling Nest, Zergling x2  
  33  3:06  Zergling x2  
  33  3:07  Zergling x2  
  33  3:11  Zergling x2  
  36  3:14  Zergling x4  
  36  3:17  Zergling x2  
  39  3:29  Overlord  
  39  3:32  Zergling x6  
  39  3:33  Zergling x2  
  43  3:43  Zergling x4  
  43  3:48  Baneling x2  
  45  3:50  Baneling x2  
  44  4:00  Zergling x10  
  44  4:01  Zergling x2  
  42  4:06  Baneling  
  42  4:08  Drone  
  42  4:09  Drone x2  
  45  4:13  Drone  
  44  4:24  Baneling  
  44  4:25  Baneling x2  
  44  4:26  Baneling  
  44  4:27  Zergling x2  
  44  4:28  Drone x3  
  48  4:32  Zergling x4  
  48  4:49  Zergling x8  
  45  5:00  Zergling x2  
  45  5:03  Drone x8  
  45  5:04  Drone  
  55  5:13  Baneling x3  
  52  5:19  Zergling x8  
  52  5:20  Baneling x3  
  54  5:22  Zergling x4  
  54  5:26  Extractor  
  55  5:28  Roach Warren  
  55  5:29  Baneling  
  52  5:45  Drone x4  
  52  5:46  Drone x2  
  52  5:48  Overlord  
  58  5:55  Overlord x2  
  58  5:56  Baneling  
  58  6:00  Extractor  
  57  6:09  Zergling x6  
  59  6:15  Drone x4  
  59  6:16  Drone x2  
  57  6:29  Roach x6  
  57  6:30  Roach x2  
  57  6:31  Overlord  
  72  6:34  Roach x3  
  72  6:39  Roach x2  
  82  6:42  Overlord  
  82  6:49  Overlord  
  82  6:52  Roach x4  
  90  7:02  Zergling x2  
  90  7:03  Zergling x14  
  90  7:05  Overlord  
  90  7:08  Overlord  
  98  7:14  Baneling x6  
  98  7:15  Zergling x4  
  99  7:16  Zergling x2  
  99  7:20  Zergling x6  
  104  7:23  Overlord  
  104  7:28  Evolution Chamber, Zergling x4  
  104  7:29  Zergling x2  
  106  7:31  Zergling x2  
  107  7:38  Zergling x8  
  107  7:39  Zergling x2  
  109  7:48  Zergling x8  
  103  7:57  Zergling x10  
  98  7:59  Zerg Missile Weapons Level 1  
  98  8:01  Lair  
  88  8:11  Drone x4  
  88  8:12  Drone x4  
  96  8:14  Extractor  
  92  8:24  Roach x3  
  97  8:33  Roach  
  97  8:34  Roach x7  
  113  8:35  Roach  
  115  8:46  Roach  
  115  8:47  Roach x5  
  121  8:50  Roach  
  121  8:54  Roach  
  121  8:55  Roach  
  124  8:58  Glial Reconstitution  
  124  9:00  Overlord  
  124  9:01  Overlord  
  124  9:05  Roach x2  
  126  9:11  Roach x2  
  128  9:19  Roach x5  
  138  9:27  Roach x4  
  144  9:32  Roach  
  145  9:43  Overlord x3  
  145  9:51  Overlord x2  
  145  9:59  Roach  
  137  10:01  Roach  
  137  10:02  Roach x6  
  127  10:08  Roach x3  
  127  10:11  Roach  
  127  10:12  Roach  
  113  10:15  Roach  
  113  10:18  Roach  
  113  10:19  Roach  
Tags
 
Add a new tag
Caveats
  • Supply blocks, unpowered buildings, or Contaminate may cause inaccurate times.
  • Supply counts are checked every 10 seconds.